| TOP OF THE 1ST |
|
Columbia Fireflies batting - Pitching for Jacksonville Suns : LHP Nick Gore
|
|
Pitching: LHP Nick Gore
|
|
|
Batting: SHB Jason Larson
|
0-0: Ball 1-0: Fly out, F5 (Popup, 5F, EV 78.8 MPH)
|
|
Batting: RHB Zhao-ying Joe
|
0-0: Foul Ball, location: 2F 0-1: Called Strike 0-2: Foul Ball, location: 2F 0-2: Ball 1-2: Ball 2-2: Strikes out swinging
|
|
Batting: LHB Bayesa Mundhir
|
0-0: Foul Ball, location: 2F 0-1: Fly out, F7 (Flyball, 7S, EV 85.0 MPH)
|
| Top of the 1st over - 0 runs, 0 hits, 0 errors, 0 left on base; Columbia 0 - Jacksonville 0 |
| BOTTOM OF THE 1ST |
|
Jacksonville Suns batting - Pitching for Columbia Fireflies : RHP Jason Vulich
|
|
Pitching: RHP Jason Vulich
|
|
|
Batting: LHB Luis Magdaleno
|
0-0: Ball 1-0: SINGLE (Line Drive, 8RM, EV 95.6 MPH)
|
|
Batting: RHB Masumitsu Sugiura
|
0-0: Called Strike 0-1: Ball 1-1: Called Strike 1-2: Strikes out looking
|
|
Batting: LHB Adam Durgin
|
0-0: Ball Luis Magdaleno steals 2nd base 1-0: Foul Ball, location: 2F 1-1: Ball 2-1: Ball 3-1: Fly out, F7 (Flyball, 7S, EV 88.8 MPH)
|
|
Batting: RHB Isaiah Brockman
|
0-0: Ball 1-0: Ball 2-0: Foul Ball, location: 2F 2-1: Swinging Strike 2-2: Ball 3-2: SINGLE (Groundball, 6MD, EV 95.0 MPH) Luis Magdaleno to third Runner from 3rd tries for Home, SAFE, throw by CF to home
|
|
Batting: RHB Rick Fell
|
0-0: Fielders Choice at 2nd, 6-4 (Groundball, 6, EV 92.5 MPH)
|
| Bottom of the 1st over - 1 run, 2 hits, 0 errors, 1 left on base; Columbia 0 - Jacksonville 1 |
| TOP OF THE 2ND |
|
Columbia Fireflies batting - Pitching for Jacksonville Suns : LHP Nick Gore
|
|
Batting: LHB Dan Bremseth
|
0-0: Ball 1-0: Ball 2-0: Ground out 4-3 (Groundball, 34, EV 88.1 MPH)
|
|
Batting: LHB Tony Leyba
|
0-0: Swinging Strike 0-1: Ball 1-1: Ball 2-1: Foul Ball, location: 2F 2-2: Strikes out swinging
|
|
Batting: SHB Justin Wallace
|
0-0: Called Strike 0-1: Ground out 6-3 (Groundball, 6, EV 92.5 MPH)
|
| Top of the 2nd over - 0 runs, 0 hits, 0 errors, 0 left on base; Columbia 0 - Jacksonville 1 |
| BOTTOM OF THE 2ND |
|
Jacksonville Suns batting - Pitching for Columbia Fireflies : RHP Jason Vulich
|
|
Batting: RHB Willie Chavez
|
0-0: Ball 1-0: Ground out 5-3 (Groundball, 5, EV 84.4 MPH)
|
|
Pitching: LHP Mike Capers
|
|
|
Batting: RHB Jake Shelton
|
0-0: Called Strike 0-1: Swinging Strike 0-2: Strikes out looking
|
|
Batting: LHB Emilio Cordero
|
0-0: Swinging Strike 0-1: Ball 1-1: Swinging Strike 1-2: Foul Ball, location: 2F 1-2: Foul Ball, location: 2F 1-2: Strikes out swinging
|
| Bottom of the 2nd over - 0 runs, 0 hits, 0 errors, 0 left on base; Columbia 0 - Jacksonville 1 |
| TOP OF THE 3RD |
|
Columbia Fireflies batting - Pitching for Jacksonville Suns : LHP Nick Gore
|
|
Batting: RHB Dan Muse
|
0-0: Called Strike 0-1: Swinging Strike 0-2: Ball 1-2: Foul Ball, location: 2F 1-2: Ball 2-2: Strikes out swinging
|
|
Batting: RHB Frank Shaw
|
0-0: Swinging Strike 0-1: Foul Ball, location: 2F 0-2: Ball 1-2: Ball 2-2: Ball 3-2: Foul Ball, location: 2F 3-2: Ground out 5-3 (Groundball, 56S, EV 82.5 MPH)
|
|
Batting: SHB Callum Lynch
|
0-0: Called Strike 0-1: Swinging Strike 0-2: Foul Ball, location: 2F 0-2: Ball 1-2: Ball 2-2: Ball 3-2: Foul Ball, location: 2F 3-2: Strikes out swinging
|
| Top of the 3rd over - 0 runs, 0 hits, 0 errors, 0 left on base; Columbia 0 - Jacksonville 1 |
| BOTTOM OF THE 3RD |
|
Jacksonville Suns batting - Pitching for Columbia Fireflies : LHP Mike Capers
|
|
Batting: RHB Manny Gonzalez
|
0-0: Ball 1-0: Ground out 6-3 (Groundball, 6, EV 102.5 MPH)
|
|
Batting: LHB Luis Magdaleno
|
0-0: Called Strike 0-1: Ball 1-1: Foul Ball, location: 2F 1-2: Fly out, F7 (Flyball, 7, EV 91.9 MPH)
|
|
Batting: RHB Masumitsu Sugiura
|
0-0: Fly out, F8 (Flyball, 8RM, EV 88.8 MPH)
|
| Bottom of the 3rd over - 0 runs, 0 hits, 0 errors, 0 left on base; Columbia 0 - Jacksonville 1 |
| TOP OF THE 4TH |
|
Columbia Fireflies batting - Pitching for Jacksonville Suns : LHP Nick Gore
|
|
Batting: SHB Jason Larson
|
0-0: Ball 1-0: Fly out, F7 (Flyball, 7, EV 87.5 MPH)
|
|
Batting: RHB Zhao-ying Joe
|
0-0: Ball 1-0: Foul Ball, location: 2F 1-1: Foul Ball, location: 2F 1-2: Foul Ball, location: 2F 1-2: Ball 2-2: Ball 3-2: Foul Ball, location: 2F 3-2: Foul Ball, location: 2F 3-2: Foul Ball, location: 2F 3-2: Ground out 5-3 (Groundball, 56, EV 86.9 MPH)
|
|
Batting: LHB Bayesa Mundhir
|
0-0: Called Strike 0-1: Foul Ball, location: 2F 0-2: Fly out, F9 (Flyball, 9S, EV 79.4 MPH)
|
| Top of the 4th over - 0 runs, 0 hits, 0 errors, 0 left on base; Columbia 0 - Jacksonville 1 |
| BOTTOM OF THE 4TH |
|
Jacksonville Suns batting - Pitching for Columbia Fireflies : LHP Mike Capers
|
|
DELAY
|
Rain delay of 78 minutes in the 4th inning.
|
|
Batting: LHB Adam Durgin
|
0-0: Single, Error in OF, E7, batter to second base (Line Drive, 7S, EV 112.5 MPH)
|
|
Batting: RHB Isaiah Brockman
|
0-0: Ball 1-0: Foul Ball, location: 2F 1-1: Swinging Strike 1-2: SINGLE (Groundball, 56D, EV 105.0 MPH) Adam Durgin to third Runner from 3rd tries for Home, SAFE, throw by LF to home Isaiah Brockman to second
|
|
Batting: RHB Rick Fell
|
0-0: Ball 1-0: Swinging Strike 1-1: Foul Ball, location: 2F 1-2: Foul Ball, location: 2F 1-2: Ball 2-2: Strikes out swinging
|
|
Batting: RHB Willie Chavez
|
0-0: Ball 1-0: Ball 2-0: Called Strike 2-1: Ball 3-1: Foul Ball, location: 2F 3-2: Foul Ball, location: 2F 3-2: Ground out 6-3 (Groundball, 6, EV 86.2 MPH)
|
|
Pitching: RHP Justin Overlie
|
|
|
Batting: RHB Jake Shelton
|
0-0: Ball 1-0: Called Strike 1-1: Ground out 6-3 (Groundball, 56, EV 82.5 MPH)
|
| Bottom of the 4th over - 1 run, 2 hits, 1 error, 1 left on base; Columbia 0 - Jacksonville 2 |
| TOP OF THE 5TH |
|
Columbia Fireflies batting - Pitching for Jacksonville Suns : LHP Nick Gore
|
|
Pitching: LHP Will Devitt
|
|
|
Batting: LHB Dan Bremseth
|
0-0: Foul Ball, location: 2F 0-1: Ground out 4-3 (Groundball, 4, EV 80.0 MPH)
|
|
Batting: LHB Tony Leyba
|
0-0: Ball 1-0: Ball 2-0: Foul Ball, location: 2F 2-1: DOUBLE (Groundball, 3L, EV 96.2 MPH)
|
|
Batting: SHB Justin Wallace
|
0-0: Ball 1-0: Ball 2-0: Called Strike 2-1: SINGLE (Groundball, 6MD, EV 95.0 MPH) Tony Leyba to third Runner from 3rd tries for Home, SAFE, throw by CF to home
|
|
Batting: RHB Dan Muse
|
0-0: Ball 1-0: Foul Ball, location: 2F 1-1: Swinging Strike 1-2: Strikes out looking
|
|
Batting: RHB Frank Shaw
|
0-0: Fielders Choice at 2nd, 6-4 (Groundball, 6, EV 81.2 MPH)
|
| Top of the 5th over - 1 run, 2 hits, 0 errors, 1 left on base; Columbia 1 - Jacksonville 2 |
| BOTTOM OF THE 5TH |
|
Jacksonville Suns batting - Pitching for Columbia Fireflies : RHP Justin Overlie
|
|
Batting: LHB Emilio Cordero
|
0-0: Ball 1-0: Fly out, F8 (Line Drive, 8RM, EV 88.1 MPH)
|
|
Batting: RHB Manny Gonzalez
|
0-0: Ball 1-0: Foul Ball, location: 2F 1-1: Swinging Strike 1-2: Strikes out swinging
|
|
Batting: LHB Luis Magdaleno
|
0-0: Ball 1-0: Foul Ball, location: 2F 1-1: DOUBLE (Line Drive, 78M, EV 105.0 MPH)
|
|
Batting: RHB Masumitsu Sugiura
|
0-0: Ball 1-0: Swinging Strike 1-1: Called Strike 1-2: Ball 2-2: Ball 3-2: Strikes out swinging
|
| Bottom of the 5th over - 0 runs, 1 hit, 0 errors, 1 left on base; Columbia 1 - Jacksonville 2 |
| TOP OF THE 6TH |
|
Columbia Fireflies batting - Pitching for Jacksonville Suns : LHP Will Devitt
|
|
Batting: SHB Callum Lynch
|
0-0: Called Strike 0-1: DOUBLE (Line Drive, 7LM, EV 103.1 MPH)
|
|
Batting: SHB Jason Larson
|
0-0: Called Strike 0-1: Ball 1-1: Foul Ball, location: 2F 1-2: Foul Ball, location: 2F 1-2: Foul Ball, location: 2F 1-2: Ball 2-2: Ball 3-2: Base on Balls
|
|
Batting: RHB Zhao-ying Joe
|
0-0: Ball 1-0: SINGLE (Groundball, 56, EV 106.9 MPH) Callum Lynch to third Jason Larson to second Runner from 3rd tries for Home, throw by LF and OUT! 7-2
|
|
Batting: LHB Bayesa Mundhir
|
0-0: Ball Jason Larson steals 3rd, throwing error, E2 Jason Larson scores Zhao-ying Joe to third 1-0: Intentional Walk
|
|
Batting: LHB Dan Bremseth
|
0-0: Ball 1-0: Ball 2-0: SINGLE (Groundball, 34D, EV 96.2 MPH) Zhao-ying Joe scores Bayesa Mundhir to second Runner from 2nd tries for 3rd, SAFE, throw by RF made to third
|
|
Batting: LHB Tony Leyba
|
0-0: Ball 1-0: Called Strike 1-1: Called Strike Dan Bremseth is caught stealing 2nd base 2-6 1-2: Foul Ball, location: 2F 1-2: Ball 2-2: DOUBLE (Line Drive, 89D, EV 106.2 MPH) Bayesa Mundhir scores
|
|
Pitching: RHP Tamirat Abboud
|
|
|
Batting: SHB Justin Wallace
|
0-0: Ball 1-0: Ball 2-0: Swinging Strike 2-1: Ball 3-1: Base on Balls
|
|
Batting: RHB Dan Muse
|
0-0: Ball 1-0: Ball 2-0: Ball 3-0: Called Strike 3-1: Fly out, F9 (Flyball, 9, EV 93.1 MPH)
|
| Top of the 6th over - 3 runs, 4 hits, 1 error, 2 left on base; Columbia 4 - Jacksonville 2 |
| BOTTOM OF THE 6TH |
|
Jacksonville Suns batting - Pitching for Columbia Fireflies : RHP Justin Overlie
|
|
Batting: LHB Adam Durgin
|
0-0: Hit by Pitch
|
|
Batting: RHB Isaiah Brockman
|
0-0: Hit by Pitch Adam Durgin to second
|
|
Pinch Runner at 2nd Len Graham:
|
|
|
Batting: RHB Rick Fell
|
0-0: Ball 1-0: Fly out, F7 (Line Drive, 7, EV 87.5 MPH) Runner from 2nd tags up, SAFE at 3rd with throw by LF
|
|
Batting: RHB Willie Chavez
|
0-0: Ball Isaiah Brockman is caught stealing 2nd base 2-4 1-0: Foul Ball, location: 2F 1-1: Ball 2-1: Fly out, F8 (Flyball, 78D, EV 88.1 MPH)
|
| Bottom of the 6th over - 0 runs, 0 hits, 0 errors, 1 left on base; Columbia 4 - Jacksonville 2 |
| TOP OF THE 7TH |
|
Columbia Fireflies batting - Pitching for Jacksonville Suns : RHP Tamirat Abboud
|
|
Now at 1B: Len Graham
|
|
|
Now in RF: Jake Shelton
|
|
|
Batting: RHB Frank Shaw
|
0-0: Ball 1-0: Ball 2-0: Swinging Strike 2-1: Fly out, F7 (Flyball, 7, EV 94.4 MPH)
|
|
Batting: SHB Callum Lynch
|
0-0: Foul Ball, location: 2F 0-1: Swinging Strike 0-2: Ball 1-2: DOUBLE (Groundball, 3L, EV 103.1 MPH)
|
|
Batting: SHB Jason Larson
|
0-0: Intentional Walk
|
|
Batting: RHB Zhao-ying Joe
|
0-0: Called Strike 0-1: Swinging Strike 0-2: Ball 1-2: Strikes out looking
|
|
Batting: LHB Bayesa Mundhir
|
0-0: Foul Ball, location: 2F 0-1: Ball 1-1: Fly out, F8 (Flyball, 8LM, EV 96.2 MPH)
|
| Top of the 7th over - 0 runs, 1 hit, 0 errors, 2 left on base; Columbia 4 - Jacksonville 2 |
| BOTTOM OF THE 7TH |
|
Jacksonville Suns batting - Pitching for Columbia Fireflies : RHP Justin Overlie
|
|
Pitching: RHP Wei-hong Qi
|
|
|
Batting: RHB Jake Shelton
|
0-0: Called Strike 0-1: Ball 1-1: Ball 2-1: Foul Ball, location: 2F 2-2: Foul Ball, location: 2F 2-2: SINGLE (Groundball, 6M, EV 104.4 MPH) (infield hit)
|
|
Batting: LHB Emilio Cordero
|
0-0: Called Strike 0-1: Called Strike Jake Shelton steals 2nd base 0-2: Ball 1-2: Ground out 4-3 (Groundball, 4, EV 110.0 MPH) Jake Shelton to third
|
|
Pinch Hitting: RHB Tom Thompson
|
0-0: Foul Ball, location: 2F 0-1: Ball 1-1: Fly out, F9 (Line Drive, 9LS, EV 97.5 MPH)
|
|
Batting: LHB Luis Magdaleno
|
0-0: SINGLE (Flyball, 56D, EV 88.8 MPH) Jake Shelton scores
|
|
Batting: RHB Masumitsu Sugiura
|
0-0: Called Strike 0-1: Ball 1-1: Ball 2-1: SINGLE (Groundball, 6MD, EV 96.2 MPH) Luis Magdaleno to second Runner from 2nd tries for 3rd, SAFE, throw by CF made to third
|
|
Batting: RHB Len Graham
|
0-0: Ball 1-0: Ball 2-0: Foul Ball, location: 2F 2-1: Called Strike Masumitsu Sugiura steals 2nd base 2-2: Strikes out swinging
|
| Bottom of the 7th over - 1 run, 3 hits, 0 errors, 2 left on base; Columbia 4 - Jacksonville 3 |
| TOP OF THE 8TH |
|
Columbia Fireflies batting - Pitching for Jacksonville Suns : RHP Tamirat Abboud
|
|
Pitching: LHP Bryan Wedge
|
|
|
Now at 2B: Rick Fell
|
|
|
Now at SS: Masumitsu Sugiura
|
|
|
Now in CF: Tom Thompson
|
|
|
Pinch Hitting: RHB Coltin Nellis
|
0-0: Ball 1-0: Foul Ball, location: 2F 1-1: SINGLE (Groundball, 6MD, EV 105.0 MPH)
|
|
Batting: LHB Tony Leyba
|
0-0: Ball Passed Ball! Coltin Nellis to second 1-0: Ball 2-0: Called Strike 2-1: Ball 3-1: Called Strike 3-2: Strikes out swinging
|
|
Pitching: LHP Evan Baxter
|
|
|
Batting: SHB Justin Wallace
|
0-0: SINGLE (Groundball, 6MD, EV 95.6 MPH) Coltin Nellis to third Runner from 3rd tries for Home, SAFE, throw by CF to home
|
|
Batting: RHB Dan Muse
|
0-0: Ball 1-0: Ball 2-0: Foul Ball, location: 2F 2-1: Swinging Strike 2-2: Ball 3-2: Strikes out looking
|
|
Batting: RHB Frank Shaw
|
0-0: Ball 1-0: Called Strike 1-1: Ball 2-1: Ball 3-1: Swinging Strike 3-2: Foul Ball, location: 2F 3-2: Ground out 5-3 (Groundball, 56, EV 103.8 MPH)
|
| Top of the 8th over - 1 run, 2 hits, 0 errors, 1 left on base; Columbia 5 - Jacksonville 3 |
| BOTTOM OF THE 8TH |
|
Jacksonville Suns batting - Pitching for Columbia Fireflies : RHP Wei-hong Qi
|
|
Pitching: RHP Javier Perez
|
|
|
Now in RF: Jake Geib
|
|
|
Batting: RHB Isaiah Brockman
|
0-0: Ball 1-0: Ball 2-0: Ball 3-0: Base on Balls
|
|
Batting: RHB Rick Fell
|
0-0: Ball 1-0: Grounds into double play, 6-4-3 (Groundball, 6, EV 90.6 MPH)
|
|
Batting: RHB Willie Chavez
|
0-0: Ball 1-0: Ball 2-0: Ball 3-0: Called Strike 3-1: Base on Balls
|
|
Batting: RHB Jake Shelton
|
0-0: Called Strike 0-1: Reached on error, E6 (Groundball, 6, EV 110.6 MPH) Willie Chavez to second
|
|
Pitching: RHP Robbie Beerbower
|
|
|
Pinch Runner at 2nd Jose Cabello:
|
|
|
Batting: LHB Emilio Cordero
|
0-0: Foul Ball, location: 2F 0-1: Foul Ball, location: 2F 0-2: Ball 1-2: Foul Ball, location: 2F 1-2: Foul Ball, location: 2F 1-2: Foul Ball, location: 2F 1-2: SINGLE (Groundball, 3D, EV 100.0 MPH) Jose Cabello to third Jake Shelton to second Runner from 3rd tries for Home, SAFE, throw by RF to home
|
|
Batting: RHB Tom Thompson
|
0-0: Ball 1-0: Foul Ball, location: 2F 1-1: Foul Ball, location: 2F 1-2: Ball 2-2: Ball 3-2: Reached on error, E5 (Groundball, 56, EV 107.5 MPH) Jake Shelton to third Emilio Cordero to second
|
|
Batting: LHB Luis Magdaleno
|
0-0: Called Strike 0-1: Ball 1-1: Foul Ball, location: 2F 1-2: Strikes out swinging
|
| Bottom of the 8th over - 1 run, 1 hit, 2 errors, 3 left on base; Columbia 5 - Jacksonville 4 |
| TOP OF THE 9TH |
|
Columbia Fireflies batting - Pitching for Jacksonville Suns : LHP Evan Baxter
|
|
Now at 1B: Jordan Arcidez
|
|
|
Now at 3B: Masumitsu Sugiura
|
|
|
Now at SS: Len Graham
|
|
|
Batting: SHB Callum Lynch
|
0-0: Foul Ball, location: 2F 0-1: Ball 1-1: Swinging Strike 1-2: Ball 2-2: Foul Ball, location: 2F 2-2: Strikes out swinging
|
|
Batting: SHB Jason Larson
|
0-0: Ball 1-0: Called Strike 1-1: SINGLE (Groundball, 5S, EV 68.8 MPH) (infield hit)
|
|
Batting: RHB Zhao-ying Joe
|
0-0: Ball Jason Larson steals 2nd base 1-0: Foul Ball, location: 2F 1-1: Called Strike 1-2: Strikes out looking
|
|
Batting: LHB Bayesa Mundhir
|
0-0: Foul Ball, location: 2F 0-1: Swinging Strike 0-2: Foul Ball, location: 2F 0-2: Ground out 4-3 (Groundball, 34, EV 80.0 MPH)
|
| Top of the 9th over - 0 runs, 1 hit, 0 errors, 1 left on base; Columbia 5 - Jacksonville 4 |
| BOTTOM OF THE 9TH |
|
Jacksonville Suns batting - Pitching for Columbia Fireflies : RHP Robbie Beerbower
|
|
Pitching: RHP Casey Cuomo
|
|
|
Batting: RHB Masumitsu Sugiura
|
0-0: Called Strike 0-1: Fly out, F2 (Popup, 2LF, EV 90.0 MPH)
|
|
Batting: RHB Len Graham
|
0-0: Called Strike 0-1: Ball 1-1: Ball 2-1: Called Strike 2-2: Strikes out swinging
|
|
Batting: RHB Isaiah Brockman
|
0-0: Called Strike 0-1: Foul Ball, location: 2F 0-2: Fly out, F5 (Line Drive, 5L, EV 71.9 MPH)
|
| Bottom of the 9th over - 0 runs, 0 hits, 0 errors, 0 left on base; Columbia 5 - Jacksonville 4 |
|